[Event "Titled Tuesday Blitz January 10 Early 2023"]
[White "Shtompel, Yuriy"]
[Black "Bilan, Danila"]
[WhiteFideId "14168278"]
[BlackFideId "24161918"]
[WhiteElo "1938"]
[BlackElo "2303"]
[Result "0-1"]
[Round "05"]
[TimeControl "180+2"]
[Date "2023.01.10"]
[WhiteClock "0:00:06"]
[BlackClock "0:00:10"]

1. e4 c6 2. d4 d5 3. e5 c5 4. dxc5 Nc6 5. a3 Nxe5 6. b4 Nf6 7. Bb2 Ng6 8. h3 e6 9. Nf3 Be7 10. g3 O-O 11. Bg2 b6 12. cxb6 Qxb6 13. O-O a5 14. Bd4 Qc7 15. b5 a4 16. Nbd2 Bc5 17. c4 Bxd4 18. Nxd4 Bb7 19. Rc1 dxc4 20. Nc6 Ne5 21. Nxc4 Nxc6 22. Ne5 Qxe5 23. bxc6 Ba6 24. Re1 Qc7 25. Qxa4 Bf1 26. Qb4 Bxg2 27. Kxg2 Nd5 28. Qc5 Ra5 29. Qc4 Rc8 30. Rb1 g6 31. Rec1 Rxa3 32. Rb7 Qe5 33. Rc2 Raa8 34. c7 Kg7 35. h4 h5 36. Rcb2 Rxc7 37. Rxc7 Qxc7 38. Qd4+ Kg8 39. Kg1 Qc6 40. Rb1 Rc8 41. Kh2 Qc5 42. Qb2 Qc2 43. Qxc2 Rxc2 44. Kg2 Ne3+ 45. Kf3 Nf5 46. Rb8+ Kg7 47. Kg2 Nd6 48. Rd8 Ne4 49. Kf3 Nxf2 50. Rd7 Ng4 51. Kf4 Rf2+ 52. Ke4 Rg2 53. Rd3 Nf2+ 54. Ke3 Nxd3 55. Kxd3 Rxg3+ 0-1


[Site "https://www.chess.com"]

[Event "Titled Tuesday Blitz January 10 Early 2023"]
[White "Al-Tarboush, Ward"]
[Black "Mohammed, Dilshad"]
[WhiteFideId "7601450"]
[BlackFideId "5050421"]
[WhiteElo "2256"]
[BlackElo "2103"]
[Result "1-0"]
[Round "05"]
[TimeControl "180+2"]
[Date "2023.01.10"]
[WhiteClock "0:02:02"]
[BlackClock "0:00:23"]

1. e4 e5 2. Nf3 Nc6 3. Bb5 a6 4. Ba4 Nf6 5. O-O Be7 6. d3 b5 7. Bb3 O-O 8. Nc3 d6 9. a4 Rb8 10. axb5 axb5 11. h3 h6 12. Be3 Be6 13. Bxe6 fxe6 14. Qd2 Qd7 15. Ra6 b4 16. Ne2 b3 17. c3 Ra8 18. Rfa1 Rxa6 19. Rxa6 Nb8 20. Ra3 d5 21. Rxb3 dxe4 22. dxe4 Nxe4 23. Qc2 Nc5 24. Rb4 e4 25. Ne5 Qd5 26. Ng6 Bd6 27. Nxf8 Bxf8 28. Rxb8 1-0


[Site "https://www.chess.com"]

[Event "Titled Tuesday Blitz January 10 Early 2023"]
[White "Marn, Jan"]
[Black "Srebrnic, Marko"]
[WhiteFideId "14619245"]
[BlackFideId "14603616"]
[WhiteElo "2345"]
[BlackElo "2366"]
[Result "0-1"]
[Round "05"]
[TimeControl "180+2"]
[Date "2023.01.10"]
[WhiteClock "0:00:03"]
[BlackClock "0:00:43"]

1. d4 Nf6 2. Nf3 d6 3. c4 g6 4. g3 Bg7 5. Bg2 O-O 6. Nc3 Nbd7 7. O-O a6 8. e4 e5 9. Re1 exd4 10. Nxd4 Ng4 11. Qxg4 Bxd4 12. Qd1 Bg7 13. Be3 Ne5 14. Qb3 Bg4 15. h3 Bf3 16. Nd5 Qd7 17. Bf4 Bxg2 18. Kxg2 Rae8 19. Bh6 c6 20. Bxg7 Kxg7 21. Nb6 Qe7 22. f4 Nd7 23. Nxd7 Qxd7 24. Qc3+ f6 25. Rad1 Re6 26. f5 Re5 27. Re3 Rfe8 28. Rde1 Qe7 29. Kf3 gxf5 30. exf5 Rxf5+ 31. Kg2 Re5 32. Rxe5 fxe5 33. Re4 Rf8 34. Rg4+ Kh8 35. Qe3 Qf6 36. Qe2 d5 37. cxd5 cxd5 38. Rh4 e4 39. Rh5 d4 40. h4 e3 41. Rd5 Qc6 42. Qh5 Rf2+ 43. Kh3 Qe6+ 44. g4 Rf3+ 45. Kg2 Qe4 46. Rxd4 Rf2+ 47. Kg3 Qf3# 0-1


[Site "https://www.chess.com"]

[Event "Titled Tuesday Blitz January 10 Early 2023"]
[White "Turzo, Attila"]
[Black "Ovezdurdyyeva, Jemal"]
[WhiteFideId "704954"]
[BlackFideId "14001888"]
[WhiteElo "2279"]
[BlackElo "2078"]
[Result "1-0"]
[Round "05"]
[TimeControl "180+2"]
[Date "2023.01.10"]
[WhiteClock "0:01:58"]
[BlackClock "0:02:04"]

1. d4 Nf6 2. Bf4 e6 3. Nf3 d5 4. e3 Bd6 5. Bg3 O-O 6. Nbd2 c5 7. Bd3 Nc6 8. c3 Re8 9. Ne5 Qc7 10. f4 Nd7 11. Bxh7+ Kxh7 12. Qh5+ Kg8 13. Qxf7+ Kh7 14. Qg6+ Kg8 15. Qxe8+ Nf8 16. Ndf3 cxd4 17. exd4 g6 18. Nxg6 Bd7 19. Qxa8 1-0


[Site "https://www.chess.com"]

[Event "Titled Tuesday Blitz January 10 Early 2023"]
[White "Jimenez, Joaquin"]
[Black "Tikhonov, Viacheslav"]
[WhiteFideId "109860"]
[BlackFideId "44196407"]
[WhiteElo "2195"]
[BlackElo "2220"]
[Result "1-0"]
[Round "05"]
[TimeControl "180+2"]
[Date "2023.01.10"]
[WhiteClock "0:00:53"]
[BlackClock "0:00:02"]

1. e4 c5 2. Nf3 Nc6 3. d4 cxd4 4. Nxd4 g6 5. Nc3 Bg7 6. Be3 Nf6 7. Bc4 O-O 8. Bb3 d5 9. Nxc6 bxc6 10. e5 Ng4 11. Bc5 Nxe5 12. Qe2 Re8 13. O-O-O Qa5 14. Bd4 Ba6 15. Qe1 Nd7 16. Bxg7 Kxg7 17. h4 h5 18. g4 Nf6 19. gxh5 Nxh5 20. Qe5+ Kh7 21. Rhg1 Qb4 22. Nxd5 cxd5 23. Qxd5 Qf4+ 24. Kb1 Rad8 25. Qa5 Rxd1+ 26. Rxd1 Be2 27. Rc1 Qxf2 28. a3 e6 29. Qc7 Rf8 30. Bxe6 Qf6 31. Bb3 Bb5 32. Qxa7 Bc6 33. Bc4 Qxh4 34. Bxf7 Qa4 35. Bxg6+ Kxg6 36. Rg1+ Kh6 37. Qe7 Qf4 38. Qe6+ Qf6 39. Qe3+ Kh7 40. Qc5 Re8 41. Qxh5+ Qh6 42. Qf5+ Kh8 43. b3 Rg8 44. Qe5+ Kh7 45. Qc7+ Rg7 46. Rxg7+ Qxg7 47. Qxc6 Qg1+ 48. Kb2 Qg7+ 49. Qc3 Qe7 50. Qd3+ Kh8 51. a4 1-0


[Site "https://www.chess.com"]

[Event "Titled Tuesday Blitz January 10 Early 2023"]
[White "Hnydiuk, Aleksander"]
[Black "Kalajzic, Ivan"]
[WhiteFideId "1109057"]
[BlackFideId "14506378"]
[WhiteElo "2363"]
[BlackElo "2062"]
[Result "0-1"]
[Round "05"]
[TimeControl "180+2"]
[Date "2023.01.10"]
[WhiteClock "0:00:01"]
[BlackClock "0:00:10"]

1. e4 Nc6 2. Nf3 d6 3. d4 Bg4 4. Be3 a6 5. h3 Bh5 6. Nc3 e5 7. d5 Nce7 8. g4 Bg6 9. Nh4 Nc8 10. Nf5 Bxf5 11. exf5 Be7 12. Qd2 h6 13. O-O-O Bg5 14. Ne4 Bxe3 15. Qxe3 Nf6 16. Ng3 Ne7 17. Bg2 Qd7 18. Bf3 Qa4 19. Kb1 Qf4 20. h4 Qxe3 21. fxe3 O-O-O 22. g5 hxg5 23. hxg5 Nd7 24. Bg4 f6 25. Nh5 Rhg8 26. e4 fxg5 27. f6 gxf6 28. Nxf6 Rgf8 29. Nxd7 Rxd7 30. Rh7 Kd8 31. Rdh1 c6 32. Rh8 Rxh8 33. Rxh8+ Kc7 34. Bxd7 Kxd7 35. c4 b5 36. b3 cxd5 37. cxd5 Ng6 38. Rg8 Nf4 39. Rxg5 Ne2 40. Kc2 b4 41. Kd3 Nc3 42. Kc4 Nxa2 43. Rg7+ Kd8 44. Ra7 Nc3 45. Rxa6 Nxe4 46. Rc6 Kd7 47. Kxb4 Nd2 48. Kc3 Nf3 49. b4 Nd4 50. Rc4 Nb5+ 51. Kd3 Nc7 0-1


[Site "https://www.chess.com"]

[Event "Titled Tuesday Blitz January 10 Early 2023"]
[White "Fayzullaev, Akmal"]
[Black "Vasques, Antonio Pedro Freixial"]
[WhiteFideId "14200554"]
[BlackFideId "1908332"]
[WhiteElo "2391"]
[BlackElo "2214"]
[Result "1-0"]
[Round "05"]
[TimeControl "180+2"]
[Date "2023.01.10"]
[WhiteClock "0:00:03"]
[BlackClock "0:00:14"]

1. e4 c5 2. Nf3 Nc6 3. d4 cxd4 4. Nxd4 e6 5. Bf4 a6 6. Nxc6 bxc6 7. c4 d6 8. Nc3 e5 9. Be3 Rb8 10. Qc2 Nf6 11. Be2 Be7 12. O-O O-O 13. b3 Be6 14. Rfd1 Qa5 15. Bf3 Rfe8 16. Rd2 h6 17. Rad1 Nd7 18. Na4 Bg5 19. Bxg5 hxg5 20. Rxd6 g4 21. Be2 Nc5 22. Nxc5 Qxc5 23. Qd2 a5 24. Qg5 a4 25. Bxg4 Bxg4 26. Qxg4 axb3 27. axb3 Rxb3 28. Qd7 Rf8 29. Rxc6 Qb4 30. Rc8 g6 31. Rxf8+ Kxf8 32. Qc7 Rb1 33. Rf1 Rxf1+ 34. Kxf1 Qb1+ 35. Ke2 Qxe4+ 36. Kd2 Qd4+ 37. Ke2 e4 38. Qc8+ Kg7 39. Qc6 Qd3+ 40. Ke1 Qb1+ 41. Ke2 Qd3+ 42. Ke1 Qc3+ 43. Ke2 Qc2+ 44. Ke3 Qd3+ 45. Kf4 Qd2+ 46. Kxe4 Qxf2 47. Ke5 Qb2+ 48. Kd6 Qd4+ 49. Kc7 Qa7+ 50. Kd8 Qb8+ 51. Ke7 Qxh2 52. Qe4 Qc7+ 53. Ke8 Qc8+ 54. Ke7 Qc5+ 55. Kd7 f5 56. Qe7+ Qxe7+ 57. Kxe7 g5 58. c5 f4 59. c6 g4 60. c7 f3 61. c8=Q fxg2 62. Qxg4+ Kh7 63. Kf6 1-0


[Site "https://www.chess.com"]

[Event "Titled Tuesday Blitz January 10 Early 2023"]
[White "Kvaloy, Aksel Bu"]
[Black "Wilson, Elvin"]
[WhiteFideId "1528815"]
[BlackFideId "2014874"]
[WhiteElo "2321"]
[BlackElo "2183"]
[Result "1-0"]
[Round "05"]
[TimeControl "180+2"]
[Date "2023.01.10"]
[WhiteClock "0:00:45"]
[BlackClock "0:00:05"]

1. d4 Nf6 2. c4 e6 3. g3 d5 4. Nf3 Bb4+ 5. Bd2 Be7 6. Bg2 O-O 7. O-O c6 8. Qc2 Nbd7 9. Bf4 Nh5 10. Bc1 Nhf6 11. Nbd2 b6 12. e4 Bb7 13. e5 Ne8 14. b3 Rc8 15. Bb2 c5 16. Rfd1 Nc7 17. Rac1 dxc4 18. Nxc4 Nd5 19. Qb1 Qc7 20. Nd6 Bxd6 21. exd6 Qxd6 22. dxc5 bxc5 23. Ng5 f5 24. Qa1 N7f6 25. Be5 Qe7 26. Qb2 h6 27. Nf3 Rfd8 28. Nd2 Nb4 29. Bxf6 gxf6 30. Bxb7 Nd3 31. Qc3 Nxc1 32. Rxc1 Qxb7 33. Qxf6 Qf7 34. Qxh6 Rc6 35. Nf3 Qg7 36. Qe3 Qf7 37. Qg5+ Kh7 38. Qxd8 f4 39. Ne5 Qc7 40. Nxc6 Qxc6 41. Qh4+ Kg6 42. Qg4+ 1-0


[Site "https://www.chess.com"]

[Event "Titled Tuesday Blitz January 10 Early 2023"]
[White "Perez Rodriguez, Jennifer"]
[Black "Janaszak, Dawid"]
[WhiteFideId "3507831"]
[BlackFideId "1119206"]
[WhiteElo "2242"]
[BlackElo "2316"]
[Result "0-1"]
[Round "05"]
[TimeControl "180+2"]
[Date "2023.01.10"]
[WhiteClock "0:00:14"]
[BlackClock "0:00:23"]

1. e4 c5 2. c3 e5 3. d4 cxd4 4. cxd4 exd4 5. Nf3 Nc6 6. Bc4 Nf6 7. Nxd4 Bb4+ 8. Nc3 O-O 9. Nxc6 bxc6 10. Bd3 d5 11. exd5 Nxd5 12. O-O Qh4 13. Nxd5 cxd5 14. Qf3 Bg4 15. Qf4 Be7 16. h3 Be6 17. Qxh4 Bxh4 18. Be3 Bf6 19. Rab1 d4 20. Bd2 Bxa2 21. Ra1 Be6 22. Be4 Rab8 23. b4 a6 24. Rfc1 Rb6 25. Ra5 g6 26. Rca1 Bc4 27. Rc5 Bb5 28. Rac1 Re8 29. f3 Kg7 30. Rc7 Re7 31. Rxe7 Bxe7 32. Rc7 Bd6 33. Ra7 Bc4 34. Rd7 Bxb4 35. Bxb4 Rxb4 36. Rxd4 a5 37. Bd3 Be6 38. Rd8 a4 39. Ra8 Bb3 40. Be4 Rd4 41. Kf2 h5 42. h4 Rd2+ 43. Kg3 Ra2 44. Rb8 Be6 45. Bc6 a3 46. Ra8 Rc2 47. Rxa3 Rxc6 0-1


[Site "https://www.chess.com"]

[Event "Titled Tuesday Blitz January 10 Early 2023"]
[White "Mkrtchian, Lilit"]
[Black "Gutkin, Ilya"]
[WhiteFideId "13300601"]
[BlackFideId "16203470"]
[WhiteElo "2389"]
[BlackElo "2273"]
[Result "0-1"]
[Round "05"]
[TimeControl "180+2"]
[Date "2023.01.10"]
[WhiteClock "0:00:05"]
[BlackClock "0:02:03"]

1. Nf3 c5 2. c4 Nc6 3. d4 cxd4 4. Nxd4 g6 5. e4 Bg7 6. Be3 Nf6 7. Nc3 O-O 8. Be2 Nxd4 9. Bxd4 d6 10. Qd2 Bd7 11. O-O Bc6 12. f3 a5 13. b3 Nd7 14. Be3 Nc5 15. Rab1 e6 16. Rfd1 Be5 17. Nb5 Qh4 18. g3 Bxg3 19. hxg3 Qxg3+ 20. Kf1 Nxe4 21. fxe4 f5 22. Bf2 fxe4 23. Qd4 e3 0-1


[Site "https://www.chess.com"]

[Event "Titled Tuesday Blitz January 10 Early 2023"]
[White "Musovic, Armin"]
[Black "Marcziter, Dmitrii"]
[WhiteFideId "939935"]
[BlackFideId "13900765"]
[WhiteElo "2261"]
[BlackElo "2234"]
[Result "1-0"]
[Round "05"]
[TimeControl "180+2"]
[Date "2023.01.10"]
[WhiteClock "0:00:48"]
[BlackClock "0:00:55"]

1. a3 e5 2. Nc3 Nf6 3. d4 exd4 4. Qxd4 Nc6 5. Qa4 d5 6. Bg5 d4 7. O-O-O Bd6 8. Nb5 Bc5 9. Bxf6 gxf6 10. Nf3 Bd7 11. Qc4 Bb6 12. Nbxd4 Qe7 13. Nxc6 Bxc6 14. e3 Bd7 15. Qf4 O-O-O 16. Bd3 Kb8 17. Bf5 Bc6 18. Rxd8+ Rxd8 19. Rd1 Rxd1+ 20. Kxd1 a6 21. Kc1 h5 22. Bd3 Bc5 23. Qh4 b5 24. b4 Bd6 25. Qxh5 a5 26. Nd4 Bxg2 27. Qxb5+ Ka8 28. Nc6 Bxc6 29. Qxc6+ Kb8 30. Ba6 1-0


[Site "https://www.chess.com"]

[Event "Titled Tuesday Blitz January 10 Early 2023"]
[White "Borgaonkar Akshay"]
[Black "Guo, Josh"]
[WhiteFideId "25639110"]
[BlackFideId "2682427"]
[WhiteElo "1991"]
[BlackElo "2112"]
[Result "1-0"]
[Round "05"]
[TimeControl "180+2"]
[Date "2023.01.10"]
[WhiteClock "0:00:52"]
[BlackClock "0:00:01"]

1. a3 e5 2. c4 c6 3. e4 Nf6 4. Nc3 d5 5. cxd5 cxd5 6. exd5 Nxd5 7. Nxd5 Qxd5 8. Ne2 Nc6 9. Nc3 Qd8 10. Bc4 Be7 11. O-O O-O 12. d3 Bf5 13. Nd5 Bc5 14. Be3 Qd6 15. b4 Bxe3 16. fxe3 Be6 17. Qf3 Rad8 18. e4 Nd4 19. Qf2 Kh8 20. Ne3 Bxc4 21. Nxc4 Qe6 22. Rad1 f6 23. Ne3 Rc8 24. Nd5 Rc2 25. Rd2 Rfc8 26. Ne3 Rc1 27. Nc4 Rxf1+ 28. Qxf1 h6 29. Ne3 Rc3 30. Nd5 Qc6 31. Nxc3 Qxc3 32. Rf2 Qxa3 33. Qe1 Qxd3 34. h3 Nc2 35. Qc1 Nd4 36. Qe1 Kh7 37. Rd2 Qc3 38. Rd1 Qc4 39. Kh2 b6 40. Rc1 1-0


[Site "https://www.chess.com"]

[Event "Titled Tuesday Blitz January 10 Early 2023"]
[White "Samaganova, Aleksandra"]
[Black "Novik, Maxim"]
[WhiteFideId "13800221"]
[BlackFideId "4102924"]
[WhiteElo "1856"]
[BlackElo "2436"]
[Result "0-1"]
[Round "05"]
[TimeControl "180+2"]
[Date "2023.01.10"]
[WhiteClock "0:00:02"]
[BlackClock "0:01:42"]

1. c4 c5 2. Nf3 Nf6 3. e3 e6 4. Nc3 d5 5. d4 cxd4 6. exd4 Be7 7. cxd5 Nxd5 8. Bd3 Nc6 9. O-O O-O 10. a3 Bf6 11. Bc2 Nxc3 12. bxc3 b6 13. Qd3 g6 14. Bh6 Re8 15. Rfe1 Bb7 16. h3 Rc8 17. Bb3 Ne7 18. Rac1 Nf5 19. Bf4 Bd5 20. Ba4 Bc4 21. Qb1 b5 22. Bc2 Qa5 23. Qb4 Qb6 24. Be5 Be7 25. Qb2 Qa5 26. Ra1 Bd5 27. Bxf5 exf5 28. Re3 f6 29. Bh2 Kf7 30. Nd2 Bf8 31. Bg3 g5 32. Rxe8 Rxe8 33. f4 Re2 34. Nf3 Rxb2 0-1


[Site "https://www.chess.com"]

[Event "Titled Tuesday Blitz January 10 Early 2023"]
[White "Lacasa Diaz, Jose Antonio"]
[Black "Martynov, Pavel"]
[WhiteFideId "2203375"]
[BlackFideId "4101260"]
[WhiteElo "2359"]
[BlackElo "2414"]
[Result "1-0"]
[Round "05"]
[TimeControl "180+2"]
[Date "2023.01.10"]
[WhiteClock "0:00:08"]
[BlackClock "0:00:14"]

1. e4 c5 2. Nf3 e6 3. g3 d5 4. exd5 exd5 5. d4 Nf6 6. Bg2 Be7 7. dxc5 Bxc5 8. O-O O-O 9. Nc3 h6 10. a3 Nc6 11. b4 Bb6 12. Na4 Bg4 13. Bb2 Ne4 14. Nxb6 axb6 15. h3 Bh5 16. Qd3 Qd6 17. Nd4 Bg6 18. Nxc6 Qxc6 19. Rad1 Rfd8 20. Qd4 f6 21. Rfe1 Qxc2 22. Rc1 Qd2 23. Qxd2 Nxd2 24. Rc7 Re8 25. Bxd5+ Kh7 26. Rxe8 Bxe8 27. Bxf6 Kg6 28. Bc3 Rd8 29. Rxg7+ Kf5 30. g4+ Kf4 31. Bxd2+ Ke5 32. Bxb7 Kf6 33. Bc3+ Ke6 34. Bf3 Bb5 35. Kg2 Rd3 36. Rg6+ Kf7 37. Rf6+ Ke7 38. Be5 Rd2 39. Rf5 Ba4 40. Bf6+ Ke6 41. Bc3 Rc2 42. Bd4 b5 43. Re5+ Kd6 44. Rd5+ Ke6 45. Bc5 Ra2 46. Rd6+ Ke7 47. Rxh6+ Kf7 48. Rd6 Kg7 49. Rd7+ Kf6 50. Rd6+ Ke5 51. Rd5+ Kf4 52. Bd6# 1-0


[Site "https://www.chess.com"]

[Event "Titled Tuesday Blitz January 10 Early 2023"]
[White "Sovetbekova, Nurai"]
[Black "Pham, Khoi"]
[WhiteFideId "13801910"]
[BlackFideId "1054988"]
[WhiteElo "1764"]
[BlackElo "2355"]
[Result "1-0"]
[Round "05"]
[TimeControl "180+2"]
[Date "2023.01.10"]
[WhiteClock "0:00:16"]
[BlackClock "0:00:45"]

1. d4 Nf6 2. c4 g6 3. Nc3 Bg7 4. e4 d6 5. Nf3 O-O 6. Be2 e5 7. d5 a5 8. Bg5 h6 9. Be3 Ng4 10. Bd2 f5 11. exf5 gxf5 12. h3 Nf6 13. g4 fxg4 14. hxg4 Bxg4 15. Bxh6 Nbd7 16. Qd2 Qe7 17. O-O-O Ne8 18. Bxg7 Qxg7 19. Rdg1 Rf4 20. Nh2 Nef6 21. f3 Kf7 22. Nxg4 Nxg4 23. Rxg4 Rxg4 24. fxg4 Nc5 25. Rf1+ Ke7 26. Qe3 Rh8 27. Ne4 Nxe4 28. Qxe4 Kd8 29. Qf5 a4 30. Qf6+ Qxf6 31. Rxf6 Ke7 32. g5 Rg8 33. Re6+ Kf8 34. g6 Rg7 35. Bd3 b6 36. Rf6+ Ke7 37. Rf1 Rg8 38. Rh1 Kf6 39. Rh7 Rc8 40. Rf7+ Kg5 41. g7 Kh6 42. Rxc7 Rg8 43. Bf5 Rxg7 44. Rxg7 Kxg7 45. Kd2 Kf6 46. Bc2 Ke7 47. Bxa4 Kd8 48. Kd3 Kc7 49. Ke4 Kb7 50. Bb5 Kc7 51. b4 Kb7 52. Ba4 Ka6 53. Bb3 Kb7 54. a4 Ka6 55. Bc2 Kb7 56. Kf5 Kc7 57. Ke6 b5 58. axb5 Kb6 59. Kxd6 e4 60. Bxe4 Ka7 61. c5 Kb7 62. c6+ Kb6 63. c7 Kb7 64. Bf5 Kb6 65. c8=Q Kxb5 66. Qc5+ Ka4 67. b5 Kb3 68. b6 Ka4 69. b7 Kb3 70. b8=Q+ Ka2 71. Qca7# 1-0


[Site "https://www.chess.com"]

[Event "Titled Tuesday Blitz January 10 Early 2023"]
[White "Bagwe Gaurang"]
[Black "Hartikainen, Jarmo"]
[WhiteFideId "45039895"]
[BlackFideId "503134"]
[WhiteElo "2067"]
[BlackElo "2108"]
[Result "1-0"]
[Round "05"]
[TimeControl "180+2"]
[Date "2023.01.10"]
[WhiteClock "0:00:17"]
[BlackClock "0:00:01"]

1. e4 c5 2. Be2 e6 3. f4 d5 4. e5 Nc6 5. Nf3 Be7 6. O-O h5 7. c3 h4 8. d4 Nh6 9. Be3 Nf5 10. Bf2 b6 11. Nbd2 Bb7 12. Qb3 Rb8 13. a4 O-O 14. g4 hxg3 15. hxg3 cxd4 16. cxd4 Na5 17. Qd1 Rc8 18. Kg2 g6 19. Rh1 Kg7 20. g4 Nh6 21. Bh4 Nxg4 22. Qg1 Rh8 23. Ng5 Rc2 24. Bxg4 Rxd2+ 25. Kf3 Nc4 26. Bxe6 Rd3+ 27. Ke2 Rd2+ 28. Kf3 Rd3+ 29. Kg2 Rxh4 30. Nxf7 Qf8 31. Rxh4 Bxh4 32. Qh2 Rg3+ 33. Kh1 Qe7 34. Ng5 Bxg5 35. Qxg3 1-0


[Site "https://www.chess.com"]

[Event "Titled Tuesday Blitz January 10 Early 2023"]
[White "Kho, Darrell"]
[Black "Andreev, Eduard"]
[WhiteFideId "1019317"]
[BlackFideId "14103400"]
[WhiteElo "2075"]
[BlackElo "2413"]
[Result "0-1"]
[Round "05"]
[TimeControl "180+2"]
[Date "2023.01.10"]
[WhiteClock "0:00:08"]
[BlackClock "0:00:23"]

1. e4 c5 2. Nf3 d6 3. d4 cxd4 4. Qxd4 Nc6 5. Qe3 Nf6 6. Be2 g6 7. O-O Bg7 8. Rd1 Qa5 9. Nc3 O-O 10. h3 a6 11. Bd2 Qc7 12. Rac1 b5 13. Qf4 Bb7 14. Qh4 Ne5 15. Nxe5 dxe5 16. Be3 Rfd8 17. f3 Rxd1+ 18. Nxd1 Rd8 19. Qe1 Nh5 20. Nf2 Nf4 21. Bf1 Ne6 22. Nd3 Nd4 23. c3 Ne6 24. Qf2 Rc8 25. Rd1 f5 26. exf5 gxf5 27. Nb4 Kh8 28. Bb6 Qb8 29. Rd7 Bf6 30. Bd3 e4 31. fxe4 fxe4 32. Be2 Nf4 33. Bf1 Rg8 34. Ba7 Nxh3+ 35. Kh1 Nxf2+ 0-1


[Site "https://www.chess.com"]

[Event "Titled Tuesday Blitz January 10 Early 2023"]
[White "Larina, Maria"]
[Black "Florescu, Codrut-Constantin"]
[WhiteFideId "24113182"]
[BlackFideId "1202200"]
[WhiteElo "1948"]
[BlackElo "2259"]
[Result "1-0"]
[Round "05"]
[TimeControl "180+2"]
[Date "2023.01.10"]
[WhiteClock "0:00:08"]
[BlackClock "0:00:11"]

1. e4 c5 2. Nc3 e6 3. Nf3 a6 4. d4 cxd4 5. Nxd4 d6 6. g4 b5 7. Bg2 Bb7 8. a3 Ne7 9. f4 Nec6 10. f5 Qh4+ 11. Kf1 Nxd4 12. Qxd4 Nd7 13. fxe6 fxe6 14. h3 Be7 15. Ke2 O-O 16. Be3 Ne5 17. Raf1 Nc4 18. Bc1 Qg3 19. Rhg1 Rxf1 20. Bxf1 Qe5 21. Qxe5 Nxe5 22. Bg2 Rc8 23. Rd1 Bc6 24. g5 a5 25. Kf2 b4 26. axb4 axb4 27. Ne2 Ba4 28. b3 Be8 29. Nd4 Bf7 30. h4 Nc6 31. Nb5 Rd8 32. Bf4 e5 33. Be3 Bh5 34. Rd2 Kf7 35. Bh3 Bg6 36. Bg2 Ke8 37. Nc7+ Kf7 38. Nd5 Bf8 39. Kg3 Ra8 40. Rf2+ Kg8 41. Bd2 Ra2 42. Bxb4 Nxb4 43. Nxb4 Ra1 44. Nd5 Re1 45. Bh3 Rxe4 46. Be6+ Bf7 47. Bxf7+ Kh8 48. Be6 h5 49. Rxf8+ Kh7 50. Bf5+ g6 51. Bxe4 1-0


[Site "https://www.chess.com"]

[Event "Titled Tuesday Blitz January 10 Early 2023"]
[White "Stanojevic, Ilija"]
[Black "Sattarov, Bobir"]
[WhiteFideId "959995"]
[BlackFideId "14203081"]
[WhiteElo "2142"]
[BlackElo "2366"]
[Result "1-0"]
[Round "05"]
[TimeControl "180+2"]
[Date "2023.01.10"]
[WhiteClock "0:00:07"]
[BlackClock "0:00:03"]

1. d4 Nf6 2. c4 e6 3. g3 d5 4. Bg2 dxc4 5. Nf3 a6 6. O-O b5 7. Ne5 Nd5 8. e4 Nb6 9. d5 exd5 10. exd5 Bd6 11. Re1 O-O 12. Bf4 Re8 13. Qh5 g6 14. Qh6 N8d7 15. Nf3 Rxe1+ 16. Nxe1 Bb7 17. Bxd6 cxd6 18. Nc3 Nf6 19. Rd1 b4 20. Ne4 Nxe4 21. Bxe4 Qf6 22. Qe3 Nd7 23. Rc1 Rc8 24. Qa7 Rc7 25. Nd3 Qg5 26. f4 Qe7 27. Qd4 Nf6 28. Nf2 c3 29. bxc3 bxc3 30. Bf3 c2 31. Qd2 h5 32. Rxc2 Rxc2 33. Qxc2 Bxd5 34. Bxd5 Nxd5 35. Qc8+ Kg7 36. Qxa6 Qe1+ 37. Qf1 Qd2 38. Qd3 Qxa2 39. Qd4+ Kf8 40. Kg2 Ke7 41. Kf3 Nf6 42. Ne4 Qb3+ 43. Nc3 Ke6 44. h3 Ke7 45. g4 hxg4+ 46. hxg4 Qb7+ 47. Kg3 Qc6 48. g5 Nd7 49. Nd5+ Kd8 50. Qh8+ Nf8 51. Qxf8+ Kd7 52. Qxf7+ Kc8 53. Qf8+ Kb7 54. Ne7 Qc3+ 55. Kg4 Qc6 56. Nxc6 Kxc6 57. Qf6 1-0


[Site "https://www.chess.com"]

[Event "Titled Tuesday Blitz January 10 Early 2023"]
[White "Tasev, Dejan"]
[Black "Kaminski, Victor"]
[WhiteFideId "936618"]
[BlackFideId "1131630"]
[WhiteElo "2205"]
[BlackElo "2247"]
[Result "0-1"]
[Round "05"]
[TimeControl "180+2"]
[Date "2023.01.10"]
[WhiteClock "0:00:49"]
[BlackClock "0:00:05"]

1. e4 e5 2. Nf3 Nc6 3. Bc4 Bc5 4. d3 Nf6 5. Nc3 d6 6. Bb3 h6 7. h3 O-O 8. Be3 Bxe3 9. fxe3 Be6 10. O-O d5 11. exd5 Nxd5 12. Qe1 Qd6 13. Ne4 Qe7 14. Ng3 f5 15. e4 fxe4 16. Qxe4 Nf6 17. Qe3 Bxb3 18. axb3 Rae8 19. Rae1 Nd5 20. Qe4 Qc5+ 21. Rf2 Nf6 22. Qc4+ Qxc4 23. bxc4 Nd7 24. Ne4 Rf4 25. Nc3 Nb6 26. Rfe2 Rf5 27. Nb5 Re7 28. Nc3 Rxf3 29. gxf3 Nd4 30. Rf2 Rf7 31. Kg2 Rf5 32. Re4 Nd7 33. Nd5 Kh7 34. Nxc7 Nf6 35. Rg4 Nxg4 36. hxg4 Rf7 37. Nd5 Kg6 38. Kg3 b5 39. cxb5 Nxb5 40. c3 Nd6 41. Re2 Rb7 42. b4 a5 43. bxa5 Rb5 44. Rxe5 Nf7 45. Ne7+ Kf6 46. Ng8+ Kxe5 47. a6 Ra5 48. a7 Kd5 49. d4 Rxa7 50. Kf4 Ra3 51. Ne7+ Kc4 52. Nc6 Rxc3 53. Ke4 Nd6+ 54. Ke5 Nb5 55. d5 Rxf3 56. Na5+ Kc5 57. Nb7+ Kb6 58. Nd8 Rd3 59. Ne6 Nc3 60. Nf4 Rd1 61. d6 Kc6 62. Ne6 Rd5+ 63. Kf4 Kxd6 64. Nxg7 Ke7 65. Nf5+ Kf6 66. Nxh6 Rd4+ 67. Kg3 Kg5 68. Nf7+ Kg6 69. Ne5+ Kg7 70. Nf3 Rd3 71. Kf4 Ne2+ 72. Ke4 Ra3 73. Nh4 Ra4+ 74. Kf3 Nd4+ 75. Kg3 Kf6 76. Ng2 Kg5 77. Ne3 Ra3 78. Kf2 Kf4 79. Nd5+ Kxg4 80. Ne3+ Kf4 81. Nd5+ Ke5 82. Nb6 Ke4 83. Nc4 Rc3 84. Nd6+ Kf4 85. Nf7 Rc2+ 86. Ke1 Ke3 87. Kf1 Nf3 88. Nd6 Rf2# 0-1


[Site "https://www.chess.com"]

[Event "Titled Tuesday Blitz January 10 Early 2023"]
[White "Sourath Biswas"]
[Black "Boraso, Alessio"]
[WhiteFideId "35091484"]
[BlackFideId "848077"]
[WhiteElo "2281"]
[BlackElo "2316"]
[Result "1-0"]
[Round "05"]
[TimeControl "180+2"]
[Date "2023.01.10"]
[WhiteClock "0:00:33"]
[BlackClock "0:00:07"]

1. d4 c5 2. d5 Nf6 3. Nc3 d6 4. e4 g6 5. Bb5+ Nbd7 6. a4 Bg7 7. h4 h6 8. Nf3 O-O 9. Bf4 Nh5 10. Be3 Ndf6 11. Nh2 e5 12. dxe6 fxe6 13. g4 d5 14. Bxc5 Nf4 15. Bxf8 Qxf8 16. Qf3 Nxe4 17. Nxe4 dxe4 18. Qxe4 Bxb2 19. Rb1 Bc3+ 20. Kf1 a6 21. Bc4 Ra7 22. Rb3 Qf6 23. Rxc3 Qxc3 24. Qxf4 b5 25. Bd3 1-0


[Site "https://www.chess.com"]

[Event "Titled Tuesday Blitz January 10 Early 2023"]
[White "Yelisieiev, Yevhenii"]
[Black "Vifleemskaia, Svetlana"]
[WhiteFideId "14139642"]
[BlackFideId "4129490"]
[WhiteElo "2418"]
[BlackElo "1971"]
[Result "1-0"]
[Round "05"]
[TimeControl "180+2"]
[Date "2023.01.10"]
[WhiteClock "0:00:04"]
[BlackClock "0:00:03"]

1. d4 Nf6 2. Nf3 d5 3. c4 dxc4 4. e3 c5 5. Bxc4 e6 6. O-O Be7 7. Nc3 O-O 8. Qe2 a6 9. Rd1 b5 10. dxc5 Qc7 11. Bd3 Bxc5 12. Ne4 Nxe4 13. Bxe4 Bb7 14. Bxh7+ Kxh7 15. Ng5+ Kg6 16. Qg4 f5 17. Nxe6+ fxg4 18. Nxc7 Ra7 19. Ne6 Rc8 20. Nxc5 Rxc5 21. e4 Rc8 22. Be3 Ra8 23. Rd6+ Kf7 24. f3 gxf3 25. gxf3 Re8 26. Rc1 Bc6 27. Rdxc6 Nxc6 28. Rxc6 Rec8 29. Rb6 Rcb8 30. Rc6 Rc8 31. Rb6 Rcb8 32. Rd6 Rd8 33. Rxd8 Rxd8 34. Kf2 Ke6 35. Ke2 Rh8 36. Bf4 Rc8 37. Kd3 Rd8+ 38. Kc3 a5 39. a3 Rc8+ 40. Kd3 Rd8+ 41. Kc2 Rc8+ 42. Kd2 Rd8+ 43. Ke2 Rc8 44. Bd2 a4 45. Bc3 Rd8 46. Bxg7 Rg8 47. Bc3 Rg2+ 48. Kd3 Rxh2 49. f4 Rh3+ 50. Kd4 Kd6 51. f5 Rh4 52. Bb4+ Kc6 53. Ke5 Rh2 54. f6 Rxb2 55. f7 Rf2 56. f8=Q Rxf8 57. Bxf8 1-0


[Site "https://www.chess.com"]